Map: Ulrena

Players

Miszu

  • Race: Terran Terran
  • League: Master

Fmtc - Winner!

  • Race: Zerg Zerg
  • League: Master

VOD

Have the link to the VOD?

Description

Time

  • Played on: Feb. 2, 2016, 5:54 p.m.
  • Length: 8:32
Show
View Real Time Build Order
Export as new Build Order

Miszu Terran 

Build Orders: MMM Bio 

Get SALT Encoding   

  12  0:00  SCV  
  13  0:12  SCV  
  14  0:17  Supply Depot  
  14  0:24  SCV  
  15  0:39  SCV  
  15  0:40  Barracks  
  16  0:44  Refinery  
  16  0:51  SCV  
  17  1:03  SCV  
  18  1:15  SCV  
  19  1:27  Orbital Command  
  19  1:28  Barracks Reactor  
  19  1:41  Command Center  
  19  1:47  Refinery  
  19  1:53  SCV  
  20  1:58  Supply Depot  
  20  2:05  SCV  
  21  2:13  Marine x2  
  23  2:20  SCV  
  23  2:21  Factory  
  24  2:30  Marine  
  24  2:31  Marine  
  24  2:32  SCV  
  27  2:41  Bunker  
  27  2:45  SCV  
  28  2:51  Marine x2  
  28  2:58  Orbital Command  
  30  3:09  Marine, Factory Tech Lab  
  30  3:10  SCV  
  32  3:21  Starport  
  32  3:22  SCV  
  32  3:24  SCV  
  34  3:33  Siege Tank  
  37  3:34  SCV  
  37  3:36  SCV  
  39  3:46  SCV  
  40  3:48  Supply Depot, SCV  
  40  3:54  Barracks x2  
  41  4:00  Medivac  
  43  4:03  SCV x2  
  45  4:10  Siege Tank  
  45  4:15  SCV x2  
  52  4:18  Supply Depot  
  52  4:21  Refinery  
  50  4:27  Supply Depot, SCV x2  
  50  4:30  Medivac  
  54  4:40  Marine, SCV  
  54  4:41  Barracks Tech Lab  
  54  4:42  Siege Tank  
  59  4:53  Marine  
  59  4:59  Barracks Tech Lab  
  60  5:02  Marine x2  
  60  5:03  Stimpack  
  60  5:04  Medivac  
  64  5:20  Marine  
  65  5:21  Marine  
  65  5:24  Marine  
  65  5:25  Marine  
  68  5:29  Supply Depot x3  
  68  5:31  Barracks x2  
  68  5:38  Marine  
  68  5:39  Marine  
  70  5:50  Marine x2  
  70  5:51  Medivac, Siege Tank  
  70  5:56  Reaper  
  78  5:57  Marine  
  78  5:58  SCV x2  
  78  6:01  Refinery  
  78  6:02  Supply Depot  
  81  6:05  Engineering Bay  
  81  6:08  Marine x2  
  83  6:15  Marine  
  85  6:20  Barracks Reactor  
  85  6:21  Barracks Reactor  
  85  6:23  Siege Tank  
  87  6:26  Marine x2  
  87  6:28  Marine  
  87  6:32  Marine  
  90  6:34  Terran Infantry Weapons Level 1  
  90  6:36  Combat Shields  
  91  6:44  Marine x2  
  93  6:52  Marine  
  94  7:00  Marine  
  93  7:01  Marine  
  93  7:08  Marine  
  91  7:18  Marine x2  
  91  7:19  Marine x3, Siege Tank  
  91  7:21  Medivac  
  101  7:25  Command Center  
  101  7:26  Marine  
  99  7:30  Missile Turret  
  99  7:36  Marine x2  
  85  7:46  Marine  
  85  7:50  Marine  
  85  7:51  Marine x2, Widow Mine  
  77  7:54  Marine x2  
  69  8:04  Marine x2  
  69  8:05  Marine  
  74  8:08  Marine  
  74  8:09  Marine x2  
  74  8:11  Marine  
  74  8:12  Marine  
Show
View Real Time Build Order
Export as new Build Order

Fmtc Zerg - Winner!

Build Orders: Hatch First 

Get SALT Encoding   

  12  0:00  Drone  
  13  0:12  Overlord  
  13  0:17  Drone  
  14  0:30  Drone x2  
  16  0:36  Drone  
  17  0:53  Hatchery  
  17  0:55  Drone  
  17  0:58  Drone  
  18  1:11  Extractor  
  18  1:13  Spawning Pool  
  18  1:16  Drone  
  17  1:19  Drone  
  18  1:27  Drone  
  19  1:39  Drone  
  20  1:49  Overlord  
  20  2:01  Drone  
  21  2:04  Queen  
  21  2:05  Zergling x2, Queen  
  26  2:12  Drone  
  26  2:15  Drone  
  28  2:17  Metabolic Boost  
  28  2:23  Drone  
  29  2:30  Zergling x2  
  29  2:36  Hatchery  
  29  2:44  Queen  
  29  2:45  Drone  
  29  2:50  Overlord  
  32  2:55  Drone x2  
  32  2:57  Drone  
  35  3:01  Drone  
  36  3:13  Drone x2  
  36  3:17  Extractor  
  36  3:18  Roach Warren, Drone x2  
  38  3:20  Drone  
  39  3:29  Drone x4  
  39  3:30  Drone  
  44  3:35  Overlord  
  44  3:46  Overlord  
  44  3:50  Drone  
  44  3:54  Queen  
  47  3:58  Roach x4  
  47  4:00  Roach  
  57  4:03  Overlord  
  57  4:11  Overlord  
  57  4:12  Drone x3  
  60  4:21  Lair  
  60  4:25  Extractor  
  60  4:26  Drone x3  
  60  4:29  Extractor, Drone x3  
  64  4:32  Drone  
  64  4:34  Drone x2  
  64  4:37  Ravager x2  
  69  4:43  Zergling x2  
  69  4:44  Zergling x8  
  74  4:52  Overlord x2  
  73  5:01  Overlord  
  73  5:02  Overlord, Zergling x2  
  73  5:03  Zergling x6  
  73  5:04  Zergling x2  
  73  5:05  Zergling x2  
  77  5:27  Drone  
  77  5:28  Drone x6  
  84  5:31  Spire  
  83  5:41  Drone x7  
  88  5:44  Extractor  
  88  5:45  Extractor  
  86  5:57  Drone x3  
  86  5:58  Drone x3  
  86  6:00  Overlord x3  
  86  6:01  Baneling Nest, Roach x2  
  94  6:08  Roach x2  
  94  6:33  Hatchery  
  94  6:36  Glial Reconstitution  
  94  6:39  Overlord x2  
  93  6:42  Mutalisk x4  
  93  6:43  Mutalisk x6  
  93  6:45  Zergling x2  
  93  6:46  Zergling x4  
  116  6:54  Roach x3  
  117  6:58  Ravager x2  
  117  7:00  Overlord  
  123  7:04  Roach  
  123  7:05  Roach x4  
  127  7:17  Roach  
  127  7:18  Roach x4  
  127  7:20  Baneling  
  127  7:21  Baneling x4  
  137  7:32  Zergling x4  
  137  7:33  Zergling x6  
  134  7:42  Roach x5  
  122  7:48  Mutalisk x3  
  115  7:59  Roach  
  115  8:00  Roach x4  
  125  8:08  Evolution Chamber  
  125  8:09  Ravager x2  
  125  8:10  Evolution Chamber  
  125  8:14  Drone x4  
  129  8:21  Hatchery  
Tags
 
Composition
MMM Bio
Matchup
TvZ
Add a new tag
Caveats
  • Supply blocks, unpowered buildings, or Contaminate may cause inaccurate times.
  • Supply counts are checked every 10 seconds.